 Dungeon Sprint DCSS version 0.30.0-29-ga12c61a403 (webtiles) character file.

Game seed: 5864559066279901832

63910 boopmooplesden the Executioner (level 14, -23/243 HPs)
             Began as a Pale Draconian Berserker on June 23, 2023.
             Was the Champion of Trog.
             Annihilated by a vault warden
             ... wielding a +1 great sword
              (42 damage)
             ... in the Dungeon (Sprint IX: "|||||||||||||||||||||||||||||").
             The game lasted 00:12:16 (5253 turns).

boopmooplesden the Executioner (DrBe)               Turns: 5253, Time: 00:12:16

Health: -23/243    AC: 14    Str: 24    XL:     14   Next: 69%
Magic:  14/14      EV: 22    Int:  7    God:    Trog [******]
Gold:   1747       SH:  0    Dex: 14    Spells: 13/13 levels left

rFire   + + .        A - +9 battleaxe "Muasm" {flame, rF+ Dex+2 Stlth+}
rCold   . . .        (shield currently unavailable)
rNeg    . . .        (body armour unavailable)
rPois   +            B - +1 hat
rElec   .            H - +1 cloak {rCorr}
rCorr   +            G - +1 pair of gloves
SInv    .            k - +0 pair of boots
Will    +....        (no amulet) Stlth
                     E - ring of poison resistance
HPRegen 0.60/turn    D - ring of protection from fire
MPRegen 0.14/turn

%: no teleportation
@: berserking, very quick
A: breathe steam, AC +8, unfitting armour, cold-blooded, steam resistance
a: Breathe Steam, Renounce Religion, Berserk, Trog's Hand, Brothers in Arms


You were in the Dungeon.
You worshipped Trog.
Trog was exalted by your worship.
You visited 1 branch You collected 1908 gold pieces.
You spent 161 gold pieces at shops.

Inventory:

Hand Weapons
 a - a +0 hand axe
 j - a +1 broad axe of freezing
 n - a +2 heavy battleaxe
 t - a +6 war axe
 u - a +6 heavy hand axe
 v - a +2 lajatang of flaming
 z - a +3 executioner's axe
 A - the +9 battleaxe "Muasm" (weapon) {flame, rF+ Dex+2 Stlth+}
   (Trog gifted it to you in the Dungeon)

   Dex:       It affects your dexterity (+2).
   rF:        It protects you from fire.
   Stlth:     It makes you more stealthy.
 J - the +13 battleaxe "Esuv Sio" {antimagic, rElec rPois}
   (Trog gifted it to you in the Dungeon)

   rElec:     It insulates you from electricity.
   rPois:     It protects you from poison.
Armour
 k - a +0 pair of boots (worn)
 y - a +0 cloak
 B - a +1 hat (worn)
 G - a +1 pair of gloves (worn)
 H - a +1 cloak of preservation (worn)
Jewellery
 l - a +3 ring of dexterity
 m - a +2 ring of protection
 x - a +5 ring of evasion
 C - a ring of willpower
 D - a ring of protection from fire (right hand)
 E - a ring of poison resistance (left hand)
 F - a ring of protection from cold
Wands
 i - a wand of acid (9)
Scrolls
 g - 2 scrolls of blinking
 p - 2 scrolls of fog
 q - a scroll of identify
 r - 5 scrolls of enchant weapon
 s - 2 scrolls of enchant armour
 I - 3 scrolls of fear
Potions
 b - 5 potions of curing
 d - 4 potions of haste
 e - 4 potions of magic
 f - a potion of berserk rage
 h - a potion of invisibility
 o - 2 potions of resistance
 w - a potion of might


   Skills:
 + Level 25.5 Fighting
 + Level 26.4 Axes
 + Level 19.8 Dodging
 + Level 7.9 Stealth
 + Level 1.9 Evocations


You had 13 spell levels left.
You didn't know any spells.
Your spell library was empty.

Dungeon Overview and Level Annotations

Branches:
Dungeon (1/1)

Altars:
Cheibriados
Dithmenos
Elyvilon
Fedhas
Gozag
Hepliaklqana
Kikubaaqudgha
Makhleb
Nemelex Xobeh
Okawaru
Qazlal
Ru
Sif Muna
Trog
Uskayaw
Vehumet
Wu Jian
Xom
Yredelemnul
Zin
The Shining One
Jiyva
Lugonu

Shops:
D ?[[?


Innate Abilities, Weirdness & Mutations

You can breathe blasts of scalding, opaque steam.
Your pale cyan-grey scales are hard. (AC +8)
You cannot fit into any form of body armour.
You are cold-blooded and may be slowed by cold attacks.
You are immune to the effects of steam.


Message History

Trog grants you a weapon! Something appears at your feet!
You see here a +3 heavy quick blade.
The yaktaur wields a +0 arbalest.
The yaktaur shoots a bolt.
The bolt hits you!
An ironbound thunderhulk comes into view.
It is wielding a +0 dire flail.
The ironbound thunderhulk shouts!
Things that are here:
a +0 arbalest; a +2 battleaxe; a +0 chain mail An ironbound preserver comes into view.
It is wielding a +0 great mace.
You feel a strong urge to attack something.
The ironbound preserver shouts!
The ironbound frostheart calls freezing cold from the walls.
The frost grips you!!
* * * LOW HITPOINT WARNING * * *
You are encased in ice.
Electricity crackles from the ironbound thunderhulk's apparatus.
The bolt of lightning misses you.
The yaktaur unwields a +0 arbalest.
The yaktaur closely misses you.
You slice the yaktaur!! You burn the yaktaur!
The yaktaur is severely wounded.
You slash the yaktaur! You burn the yaktaur.
The yaktaur is almost dead.
Electricity crackles from the ironbound thunderhulk's apparatus.
The bolt of lightning hits you!!!
* * * LOW HITPOINT WARNING * * *
You slash the yaktaur! You burn the yaktaur.
You kill the yaktaur!
Trog accepts your kill.
A great orb of eyes comes into view.
The ice encasing you melts away.
The great orb of eyes turns its gaze towards you.
The vault warden hits you with a +1 great sword!
* * * LOW HITPOINT WARNING * * *
Things that are here:
a +0 arbalest; a yaktaur corpse You slice the vault warden!!
You burn the vault warden!
Your tail-slap misses the vault warden.
The vault warden is moderately wounded.
A vault warden comes into view. It is wielding a +0 war axe.
The vault warden hits you with a +1 great sword!!!
You die...

..........))))))).......!.[[[[[.[
▓▓▓▓▓▓▓▓▓▓▓▓▓▓▓▓▓▓▓▓▓▓▓▓▓▓▓▓▓▓▓▓▓
...................)))...........
▓▓▓▓▓▓▓▓▓▓▓▓▓▓▓▓▓▓▓▓▓▓▓♣♣♣♣♣♣♣♣♣♣
..'....)))))'.........'.....[..÷)
▓▓▓▓▓▓▓▓▓▓▓▓▓▓▓▓▓▓▓▓▓▓▓♣♣♣♣♣♣♣♣♣♣
..p.).)).............).........))
▓▓▓▓▓▓▓▓▓▓▓▓▓▓▓▓▓▓▓▓▓▓▓▓▓▓▓▓▓▓▓▓▓
pGpOkpp@.)))+[..........
▓▓▓▓▓▓▓▓▓▓▓▓▓▓▓▓▓▓▓▓▓▓▓▓


You could see an ironbound preserver, 2 vault wardens, an ironbound thunderhulk,
a great orb of eyes, an ironbound frostheart and a lindwurm.

Vanquished Creatures
  Saint Roka (D)
  Frances (D)
  Kirke (D)
  A thorn hunter (D)
  Donald (D)
  A fire giant (D)
  A nagaraja (D)
  Aizul (D)
  A vault warden (D)
  2 very ugly things (D)
  A broodmother (D)
  Nessos (D)
  3 stone giants (D)
  2 dire elephants (D)
  A spark wasp (D)
  An ettin (D)
  2 fire dragons (D)
  8 hydras (D)
  3 ogre magi (D)
  3 rakshasas (D)
  An ironbound frostheart (D)
  A two-headed ogre (D)
  2 death knights (D)
  An anaconda (D)
  A naga warrior (D)
  An orc high priest (D)
  2 tengu warriors (D)
  A spriggan berserker (D)
  A naga sharpshooter (D)
  Sonja (D)
  A skeletal warrior (D)
  A swamp dragon (D)
  A lindwurm (D)
  A spriggan druid (D)
  A steelbarb worm (D)
  2 wizards (D)
  3 orc sorcerers (D)
  5 orc knights (D)
  A necromancer (D)
  2 wolf spiders (D)
  2 manticores (D)
  A will-o-the-wisp (D)
  A moth of wrath (D)
  6 elephants (D)
  A salamander (D)
  2 torpor snails (D)
  A naga mage (D)
  3 black mambas (D)
  Psyche (D)
  2 cane toads (D)
  A rime drake (D)
  2 yaktaurs (D)
  A tengu conjurer (D)
  3 komodo dragons (D)
  A troll (D)
  A tarantella (D)
  A merfolk (D)
  A polar bear (D)
  2 blink frogs (D)
  2 snapping turtles (D)
  3 slime creatures (D)
  A shadow (D)
  2 wyverns (D)
  A culicivora (D)
  2 wraiths (D)
  Eustachio (D)
  Grum (D)
  2 hogs (D)
  A vampire mosquito (D)
  A basilisk (D)
  A yak (D)
  2 water moccasins (D)
  11 orc warriors (D)
  An ice beast (D)
  3 wolves (D)
  An ogre (D)
  A bullfrog (D)
  2 orc priests (D)
  4 orc wizards (D)
  An adder (D)
  A shadow imp (D)
  14 orcs (D)
  A giant cockroach (D)
  2 kobolds (D)
  A quokka (D)
  A ball python simulacrum (D)
  A bat (D)
164 creatures vanquished.

Vanquished Creatures (collateral kills)
  A very ugly thing (D)
  An ettin (D)
  2 fire dragons (D)
  A rakshasa (D)
  An alligator snapping turtle (D)
  A satyr (D)
  A tengu warrior (D)
  An orc high priest (D)
  2 orc knights (D)
  An orc sorcerer (D)
  A harpy (D)
  A merfolk siren (D)
  A water nymph (D)
  A wind drake (D)
  2 orcs (D)
18 creatures vanquished.

Vanquished Creatures (others)
  4 humans (D)
  4 foxfires (D)
8 creatures vanquished.

Grand Total: 190 creatures vanquished

Notes
Turn   | Place    | Note
-------+----------+-------------------------------------------
     0 | D        | boopmooplesden the Draconian Berserker began the quest for
                  | the Orb.
     0 | D        | Reached XP level 1. HP: 19/19 MP: 1/1
    12 | D        | Reached ** piety under Trog
   225 | D        | Noticed an ice beast
   235 | D        | Killed an ice beast
   235 | D        | Reached *** piety under Trog
   236 | D        | Reached skill level 5 in Axes
   236 | D        | Reached skill level 5 in Dodging
   236 | D        | Reached XP level 2. HP: 30/30 MP: 2/2
   236 | D        | Reached XP level 3. HP: 37/37 MP: 3/3
   236 | D        | Reached XP level 4. HP: 44/44 MP: 4/4
   245 | D        | Reached skill level 6 in Axes
   255 | D        | Found a snail-covered altar of Cheibriados.
   255 | D        | Found a shadowy altar of Dithmenos.
   255 | D        | Found a white marble altar of Elyvilon.
   255 | D        | Found a blossoming altar of Fedhas.
   255 | D        | Found an opulent altar of Gozag.
   256 | D        | Found a hazy altar of Hepliaklqana.
   257 | D        | Found a viscous altar of Jiyva.
   258 | D        | Found an ancient bone altar of Kikubaaqudgha.
   259 | D        | Found a corrupted altar of Lugonu.
   260 | D        | Found a burning altar of Makhleb.
   261 | D        | Found a sparkling altar of Nemelex Xobeh.
   262 | D        | Found an iron altar of Okawaru.
   263 | D        | Found a stormy altar of Qazlal.
   264 | D        | Found a sacrificial altar of Ru.
   265 | D        | Found a shimmering blue altar of Sif Muna.
   266 | D        | Found a bloodstained altar of Trog.
   267 | D        | Found a hide-covered altar of Uskayaw.
   268 | D        | Found a radiant altar of Vehumet.
   269 | D        | Found an ornate altar of the Wu Jian Council.
   270 | D        | Found a shimmering altar of Xom.
   271 | D        | Found a basalt altar of Yredelemnul.
   272 | D        | Found a glowing silver altar of Zin.
   273 | D        | Found a glowing golden altar of the Shining One.
   307 | D        | Noticed a vampire mosquito
   307 | D        | Noticed a wraith
   307 | D        | Noticed a yak
   307 | D        | Noticed an orc warrior
   307 | D        | Noticed an orc warrior
   307 | D        | Noticed a shadow
   311 | D        | Killed a shadow
   311 | D        | Reached **** piety under Trog
   312 | D        | Reached skill level 8 in Axes
   312 | D        | Reached XP level 5. HP: 53/53 MP: 5/5
   312 | D        | Reached XP level 6. HP: 61/61 MP: 6/6
   316 | D        | Killed an orc warrior
   318 | D        | Killed an orc warrior
   319 | D        | Reached skill level 9 in Axes
   319 | D        | Reached skill level 1 in Stealth
   326 | D        | Killed a yak
   327 | D        | Your scales start taking on a pale cyan-grey colour.
   327 | D        | Reached XP level 7. HP: 50/71 MP: 7/7
   327 | D        | Gained mutation: You are immune to the effects of steam.
                  | [Pale Draconian growth]
   331 | D        | Killed a wraith
   332 | D        | Reached skill level 10 in Fighting
   332 | D        | Reached skill level 10 in Axes
   334 | D        | Killed a vampire mosquito
   334 | D        | Reached ***** piety under Trog
   335 | D        | Reached skill level 11 in Axes
   442 | D        | Noticed a slime creature
   442 | D        | Noticed a wraith
   442 | D        | Noticed a manticore
   442 | D        | Noticed a troll
   442 | D        | Noticed a manticore
   442 | D        | Noticed a two-headed ogre
   447 | D        | Killed a two-headed ogre
   447 | D        | Killed a wraith
   447 | D        | Received a gift from Trog
   448 | D        | Reached skill level 12 in Axes
   448 | D        | Reached skill level 10 in Dodging
   448 | D        | Reached XP level 8. HP: 82/82 MP: 8/8
   449 | D        | Killed a manticore
   450 | D        | Reached skill level 13 in Axes
   450 | D        | Reached XP level 9. HP: 75/90 MP: 9/9
   453 | D        | Killed a troll
   456 | D        | Killed a manticore
   457 | D        | Reached skill level 14 in Axes
  1023 | D        | Noticed a komodo dragon
  1023 | D        | Noticed a rime drake
  1025 | D        | Killed a rime drake
  1025 | D        | Received a gift from Trog
  1028 | D        | Noticed a cane toad
  1030 | D        | Reached skill level 15 in Axes
  1031 | D        | Killed a komodo dragon
  1031 | D        | Noticed a six-headed hydra
  1036 | D        | Killed a cane toad
  1037 | D        | Reached XP level 10. HP: 79/101 MP: 10/10
  1045 | D        | Killed a nine-headed hydra
  1046 | D        | Reached skill level 16 in Axes
  1363 | D        | Noticed an eight-headed hydra
  1363 | D        | Noticed a cane toad
  1365 | D        | Killed a cane toad
  1365 | D        | Received a gift from Trog
  1369 | D        | Killed a ten-headed hydra
  1370 | D        | Reached skill level 17 in Axes
  1424 | D        | Noticed an elephant
  1424 | D        | Noticed a dire elephant
  1424 | D        | Noticed an elephant
  1424 | D        | Noticed an elephant
  1424 | D        | Noticed an elephant
  1424 | D        | Noticed an elephant
  1425 | D        | Noticed a dire elephant
  1432 | D        | Killed an elephant
  1433 | D        | Reached skill level 18 in Axes
  1436 | D        | Killed an elephant
  1436 | D        | Reached ****** piety under Trog
  1441 | D        | Killed a dire elephant
  1441 | D        | Received a gift from Trog
  1442 | D        | Reached XP level 11. HP: 48/111 MP: 11/11
  1448 | D        | Killed a dire elephant
  1449 | D        | Reached skill level 15 in Fighting
  1458 | D        | Reached skill level 19 in Axes
  1676 | D        | Noticed Eustachio
  1684 | D        | Killed Eustachio
  1684 | D        | Received a gift from Trog
  1720 | D        | Noticed Sonja
  1727 | D        | Killed Sonja
  1800 | D        | Noticed an ettin
  1808 | D        | Received a gift from Trog
  1815 | D        | Killed an ettin
  1817 | D        | Noticed an orc knight
  1834 | D        | Killed an orc knight
  1837 | D        | Identified the +9 battleaxe "Muasm" {flame, rF+ Dex+2
                  | Stlth+} (Trog gifted it to you in the Dungeon)
  1837 | D        | Received a gift from Trog
  1939 | D        | Noticed an orc knight
  1950 | D        | Reached skill level 20 in Axes
  1950 | D        | Noticed an orc knight
  1952 | D        | Killed an orc knight
  1957 | D        | Noticed an orc knight
  1964 | D        | Killed an orc knight
  1972 | D        | Killed an orc knight
  1973 | D        | Reached skill level 5 in Stealth
  1976 | D        | Received a gift from Trog
  2170 | D        | Found Wereosch's Magic Scroll Boutique.
  2170 | D        | Noticed an orc sorcerer
  2170 | D        | Noticed an orc high priest
  2170 | D        | Noticed an orc knight
  2170 | D        | Noticed an orc sorcerer
  2175 | D        | Noticed a sixfirhy
  2179 | D        | Killed an orc sorcerer
  2180 | D        | Found Tega's Antique Armour Shop.
  2183 | D        | Killed an orc knight
  2184 | D        | Noticed an orc high priest
  2189 | D        | Killed an orc high priest
  2190 | D        | Reached skill level 21 in Axes
  2190 | D        | Reached XP level 12. HP: 124/124 MP: 12/12
  2190 | D        | Found Qeen's Antique Armour Boutique.
  2201 | D        | Received a gift from Trog
  2217 | D        | Killed an orc high priest
  2218 | D        | Reached skill level 15 in Dodging
  2226 | D        | Found Oqaqucwe's Magic Scroll Shop.
  2545 | D        | Bought a runed hat for 161 gold pieces
  2571 | D        | Noticed Psyche
  2580 | D        | Killed Psyche
  2711 | D        | Noticed a death knight
  2711 | D        | Noticed an ogre mage
  2711 | D        | Noticed an ogre mage
  2711 | D        | Noticed an ogre mage
  2715 | D        | Killed an ogre mage
  2715 | D        | Received a gift from Trog
  2716 | D        | Noticed a death knight
  2717 | D        | Noticed a six-headed hydra
  2719 | D        | Killed an ogre mage
  2720 | D        | Noticed a fire dragon
  2722 | D        | Noticed a white very ugly thing
  2723 | D        | Killed an ogre mage
  2724 | D        | Reached skill level 22 in Axes
  2728 | D        | Noticed an ettin
  2734 | D        | Killed a death knight
  2738 | D        | Killed a death knight
  2739 | D        | Noticed a cyan very ugly thing
  2744 | D        | Killed a two-headed hydra
  2744 | D        | Received a gift from Trog
  2745 | D        | Noticed a rakshasa
  2746 | D        | HP: 6/128 [white very ugly thing (44)]
  2749 | D        | Killed a cyan very ugly thing
  2757 | D        | Killed a cyan very ugly thing
  2757 | D        | Noticed a rakshasa
  2761 | D        | Killed a fire dragon
  2761 | D        | Killed an ettin
  2763 | D        | Killed a rakshasa
  2764 | D        | Reached skill level 23 in Axes
  2771 | D        | Received a gift from Trog
  2776 | D        | Killed a rakshasa
  2777 | D        | Reached XP level 13. HP: 42/138 MP: 13/13
  3037 | D        | Noticed Saint Roka
  3054 | D        | Killed Saint Roka
  3054 | D        | Received a gift from Trog
  3089 | D        | Noticed Aizul
  3106 | D        | Killed Aizul
  3106 | D        | Identified the +13 battleaxe "Esuv Sio" {antimagic, rElec
                  | rPois} (Trog gifted it to you in the Dungeon)
  3106 | D        | Received a gift from Trog
  3107 | D        | Reached skill level 1 in Evocations
  3370 | D        | Received a gift from Trog
  3670 | D        | Noticed a thorn hunter
  3681 | D        | Reached skill level 24 in Axes
  3683 | D        | Killed a thorn hunter
  3688 | D        | Received a gift from Trog
  3905 | D        | Noticed a broodmother
  3929 | D        | Killed a broodmother
  4136 | D        | Noticed a nagaraja
  4141 | D        | Killed a nagaraja
  4147 | D        | Received a gift from Trog
  4162 | D        | Reached XP level 14. HP: 116/157 MP: 14/14
  4168 | D        | Reached skill level 25 in Axes
  4329 | D        | Noticed Grum
  4333 | D        | Noticed Frances
  4336 | D        | Killed Grum
  4347 | D        | Noticed Kirke
  4351 | D        | Killed Frances
  4351 | D        | Received a gift from Trog
  4362 | D        | Killed Kirke
  4402 | D        | Noticed Nessos
  4411 | D        | Killed Nessos
  4520 | D        | Noticed Donald
  4530 | D        | Killed Donald
  4576 | D        | Noticed a fire giant
  4585 | D        | Noticed a stone giant
  4586 | D        | Received a gift from Trog
  4604 | D        | Killed a fire giant
  4869 | D        | Killed a stone giant
  4869 | D        | Received a gift from Trog
  5117 | D        | Noticed a stone giant
  5126 | D        | Killed a stone giant
  5127 | D        | Reached skill level 26 in Axes
  5177 | D        | Noticed a white very ugly thing
  5182 | D        | Killed a white very ugly thing
  5201 | D        | Noticed a stone giant
  5208 | D        | Killed a stone giant
  5229 | D        | Noticed a vault warden
  5233 | D        | Identified the +2 short sword of the World {heavy, *Corrode
                  | +Blink rF++} (Trog gifted it to you in the Dungeon)
  5233 | D        | Received a gift from Trog
  5237 | D        | Noticed a vault warden
  5240 | D        | Killed a vault warden
  5246 | D        | Received a gift from Trog
  5247 | D        | Noticed an ironbound thunderhulk
  5248 | D        | Noticed an ironbound preserver
  5253 | D        | Noticed a vault warden
  5253 | D        | Annihilated by a vault warden

Illustrated notes

Levels and vault maps discovered:
D:        linesprint [early_d, line_temple, items_1, d_10, items_2, lair_1,
          lair_end, items_3, orc_1, orc_end, items_4, d_15, swamp_1, shoals_1,
          snake_1, spider_1, d_20, vaults_1, items_5, swamp_end, shoals_end,
          snake_end, spider_end, vaults_end, d_27, items_6, zot_1, zot_end,
          crypt_end, forest_end, elf_end, slime_end, tomb_end, abyss_end,
          pan_hell_end]

Skill      XL: |  1  2  3  4  5  6  7  8  9 10 11 12 13 14 |
---------------+-------------------------------------------+-----
Dodging        | 5 7 8 10 12 13 14 16 18 19 | 19.8
Fighting       | 6 8 9 11 12 13 14 16 19 23 25 | 25.5
Axes           | 5 8 9 12 13 15 18 21 23 24 26 | 26.4
Stealth        | 1 2 3 5 6 7 |  7.9
Evocations     | 1 |  1.9

Action                     |  1- 3 |  4- 6 |  7- 9 | 10-12 | 13-15 || total
---------------------------+-------+-------+-------+-------+-------++-------
  Melee: Hand axe          |    25 |    14 |       |       |       ||    39
         Tailslap          |     4 |     4 |     3 |    33 |    43 ||    87
         Punch             |     1 |       |       |       |       ||     1
         Broad axe         |       |    16 |    19 |       |       ||    35
         Battleaxe         |       |       |    12 |   166 |   251 ||   429
         Executioner's axe |       |       |       |    33 |       ||    33
 Invoke: Berserk           |     1 |     1 |     1 |     7 |     8 ||    18
         Trog's Hand       |       |       |       |     3 |     5 ||     8
         Brothers in Arms  |       |       |       |     4 |     3 ||     7
Ability: Breathe Steam     |       |       |     2 |     5 |     1 ||     8
  Evoke: Wand              |       |       |       |     1 |       ||     1
    Use: Potion            |       |       |       |     7 |     3 ||    10
         Scroll            |       |       |       |       |     1 ||     1
   Stab: Sleeping          |       |       |       |     1 |     3 ||     4
         Distracted        |       |       |       |       |     2 ||     2
 Armour: Skin              |    11 |    12 |     1 |    40 |    61 ||   125
  Dodge: Dodged            |    15 |    14 |    28 |   159 |   197 ||   413
